 Dungeon Crawl Stone Soup version 0.26.1-2-gb8aa6d0cf2 (webtiles) character file.

Game seed: 17741839263390450375

28356 theEndsummarily the Thaumaturge (level 13, -8/112 HPs)
             Began as a Purple Draconian Transmuter on Feb 10, 2021.
             Was a High Priest of Dithmenos.
             Mangled by a tyrant leech (28 damage)
             ... in a Gauntlet.
             The game lasted 01:32:34 (21621 turns).

theEndsummarily the Thaumaturge (DrTm)             Turns: 21621, Time: 01:32:37

Health: -8/112     AC: 16    Str: 12    XL:     13   Next: 9%
Magic:  18/27      EV: 18    Int: 16    God:    Dithmenos [*****.]
Gold:   963        SH:  0    Dex: 15    Spells: 16/32 levels left

rFire    . . .     SeeInvis +     - Unarmed
rCold    . . .     Faith    .   (shield currently unavailable)
rNeg     . . .     Spirit   .   (armour unavailable)
rPois    .         Reflect  .   N - +0 hat {SInv}
rElec    .         Harm     .   K - +0 cloak
rCorr    .         Rampage  .   (gloves currently unavailable)
Will     +....     NoTele   +   L - +2 pair of boots
Stlth    ++++++....             (no amulet)
HPRegen  0.28/turn              b - +4 ring of protection
MPRegen  0.20/turn              e - ring of wizardry

@: blade hands, wereblooded (expiring), wreathed by umbra
A: breathe power, unfitting armour, cold-blooded, AC +8
a: Breathe Dispelling Energy, End Transformation, Renounce Religion, Shadow
Step, Shadow Form


You were in a Gauntlet.
You worshipped Dithmenos.
Dithmenos was extremely pleased with you.
You had blades for hands.
You visited 4 branches of the dungeon, and saw 19 of its levels.
You also visited: Sewer and Gauntlet.

You collected 963 gold pieces.

Inventory:

Hand Weapons
 p - the +9 dagger "Lamac" (melded) {vorpal, Will- Str+3 Dex+4}
   (You found it on level 4 of the Dungeon)

   It inflicts extra damage upon your enemies.
   It affects your strength (+3).
   It affects your dexterity (+4).
   It affects your willpower, your defense against some magical effects.
 C - the +3 battleaxe of the Wraith {flame, rC- Str+5 Dex+3, unknown}
   (You found it on level 8 of the Dungeon)

   It has been specially enchanted to burn those struck by it, causing extra
   injury to most foes and up to half again as much damage against particularly
   susceptible opponents.
   Big, fiery blades are also staple armaments of hydra-hunters.
   It affects your strength (+5).
   It affects your dexterity (+3).
   It makes you vulnerable to cold.
 F - the +4 hand axe "Laasics" {freeze, rPois Will+ Dex-4, unknown}
   (You found it on level 10 of the Dungeon)

   It has been specially enchanted to freeze those struck by it, causing extra
   injury to most foes and up to half again as much damage against particularly
   susceptible opponents.
   It can also slow down cold-blooded creatures.
   It affects your dexterity (-4).
   It protects you from poison.
   It affects your willpower, your defense against some magical effects.
Missiles
 x - 38 poisoned darts (quivered)
 U - 12 boomerangs
Armour
 A - a +0 pair of gloves (melded)
 K - a +0 cloak (worn)
 L - a +2 pair of boots (worn)
 N - a +0 hat of see invisible (worn)
Jewellery
 b - a +4 ring of protection (left scythe-like blade)
 e - a ring of wizardry (right scythe-like blade)
 h - a +6 ring of intelligence
 u - an uncursed amulet of the acrobat
 z - an uncursed ring of protection from cold
 I - an uncursed ring of flight
Wands
 j - a wand of iceblast (22)
 k - a wand of disintegration (12)
 o - a wand of digging (3)
 D - a wand of flame (21)
 G - a wand of enslavement (12)
 H - a wand of polymorph (7)
 O - a wand of paralysis (2)
Scrolls
 c - 4 scrolls of fear
 d - 7 scrolls of teleportation
 g - 2 scrolls of remove curse
 i - 7 scrolls of amnesia
 q - 7 scrolls of identify
 t - a scroll of fog
 y - 4 scrolls of enchant weapon {unknown}
 J - 3 scrolls of blinking {unknown}
 Q - 2 scrolls of brand weapon {unknown}
 R - 2 scrolls of random uselessness {unknown}
 S - a scroll of holy word {unknown}
Potions
 a - 2 potions of brilliance {unknown}
 f - 2 potions of lignification {unknown}
 l - 5 potions of curing
 m - 6 potions of heal wounds
 n - 2 potions of attraction {unknown}
 r - 3 potions of might {unknown}
 s - 2 potions of invisibility {unknown}
 v - 2 potions of berserk rage {unknown}
 w - 2 potions of flight {unknown}
 B - a potion of mutation {unknown}
 E - a potion of degeneration {unknown}
 M - a potion of magic {unknown}
 P - 3 potions of ambrosia {unknown}
 T - a potion of haste {unknown}


   Skills:
 + Level 9.6 Fighting
 + Level 8.4 Dodging
 + Level 8.7 Stealth
 + Level 9.5 Unarmed Combat
 + Level 10.0 Spellcasting
 - Level 2.9 Hexes
 + Level 9.2 Transmutations
 + Level 6.3 Evocations


You had 16 spell levels left.
You knew the following spells:

 Your Spells              Type           Power        Failure   Level
a - Beastly Appendage     Tmut           74%          3%          1
b - Wereblood             Tmut           37%          4%          2
c - Corona                Hex            18%          10%         1
d - Blade Hands           Tmut           18%          16%         5
e - Ice Form              Ice/Tmut       22%          26%         4
f - Dazzling Flash        Conj/Hex       24%          26%         3

Your spell library contained the following spells:

 Spells                   Type           Power        Failure   Level
 Spider Form              Tmut/Pois      11%          12%         3
 Animate Skeleton         Necr           16%          19%         1
 Apportation              Tloc           16%          19%         1
 Magic Dart               Conj           32%          19%         1
 Summon Small Mammal      Summ           32%          19%         1
 Searing Ray              Conj           16%          26%         2
 Fulminant Prism          Conj/Hex       6%           52%         4
 Iskenderun's Mystic Bla  Conj/Tloc      8%           65%         4
 Bolt of Magma            Conj/Fire/Erth 4%           89%         5
 Iskenderun's Battlesphe  Conj           8%           89%         5
 Iron Shot                Conj/Erth      4%           100%        6
 Orb of Destruction       Conj           4%           100%        7
 Spellforged Servitor     Conj/Summ      4%           100%        7


Dungeon Overview and Level Annotations

Branches:
Dungeon (11/15)            Temple (1/1) D:6            Lair (5/6) D:9
  Swamp (0/4) Lair:3        Snake (0/4) Lair:4          Orc (2/2) D:9
  Sewer (visited)         Gauntlet (1/1)
  Slime: Lair:5-6       Elf: Orc:2

Altars:
Ashenzari
Cheibriados
Dithmenos
Elyvilon
Fedhas
Gozag
Hepliaklqana
Kikubaaqudgha
Makhleb
Nemelex Xobeh
Okawaru
Qazlal
Ru
Sif Muna
Trog
Uskayaw
Vehumet
Wu Jian
Xom
Yredelemnul
Zin
The Shining One

Shops:
D:8 [   D:9 *

Annotations:
D:10 5 runed translucent doors, Gadfly's ghost, novice DsMo
D:11 Fannar Gauntlet 7 transporters


Innate Abilities, Weirdness & Mutations

You can breathe bolts of dispelling energy.
Your rich purple scales are hard. (AC +8)
You cannot fit into any form of body armour.
You are cold-blooded and may be slowed by cold attacks.


Message History

You slice the swamp worm!! You tail-slap the swamp worm.
The swamp worm is almost dead.
Your shadow barely misses the swamp worm.
The swamp worm bites you!!
* * * LOW HITPOINT WARNING * * *
You feel much better.
You howl as the wereblood boils in your veins!
The swamp worm bites you.
* * * LOW HITPOINT WARNING * * *
You slice the swamp worm!!
You kill the swamp worm!
Dithmenos accepts your kill. The tyrant leech closely misses you.
You slice the swamp worm!! You tail-slap the swamp worm!
The swamp worm is severely wounded.
Your primal bloodlust is almost over.
The swamp worm bites you.
* * * LOW HITPOINT WARNING * * *
The tyrant leech bites you!!
You die...

#©#......#..#©#[.#..≈#
#©#......#########..##
#######.....#©#.....§#
.^≈≈..#.....#©#.....##
.≈..≈.#..#########..≈#
.≈≈.≈.#..#..#.#..#..##
...≈.≈#..#.#.#.#.#..≈#
Y©≈..≈#..#.#.#w#.#..##
≈≈≈^≈.#..#..#©#@.#..§#
^.^≈≈.#..#.#.#w#.#..##
≈...≈^#..#.#.#.#.#..§#
.©?≈.k#..#.!#©#[)#..##
#######..#########..≈#
........∩...........##
....................≈#
#≈#≈########≈#≈#≈#§###
#####.©..©.#########


You could see a tyrant leech and a swamp worm.

Vanquished Creatures
  Josephine (D:10)
  A hydra (Lair:3)
  Erica (D:10)
  5 death yaks
  An unseen horror (D:7)
  A bog body (Lair:3)
  An orc sorcerer (Orc:1)
  Psyche (D:8)
  5 cane toads
  2 black mambas (Lair:2)
  6 komodo dragons
  A large abomination (Gauntlet)
  A troll (D:10)
  2 polar bears
  5 blink frogs (Lair:3)
  A hornet (D:11)
  Grinder (D:5)
  A ynoxinul (Gauntlet)
  A spriggan (Lair:3)
  30 yaks
  3 basilisks (Lair:3)
  4 wraiths
  3 wyverns (Lair:2)
  3 swamp worms (Gauntlet)
  2 wargs (Orc:1)
  Edmund (D:5)
  4 sky beasts
  16 water moccasins
  An ice beast (D:5)
  14 orc warriors
  A phantom (D:10)
  2 black bears
  An ogre (D:9)
  20 wolves
  4 centaurs
  5 big kobolds
  6 bullfrogs
  4 small abominations (Gauntlet)
  15 killer bees
  3 howler monkeys
  A bullfrog zombie (D:10)
  4 hounds
  9 orc priests
  A bullfrog skeleton (D:9)
  6 iguanas
  4 iron imps (Gauntlet)
  12 orc wizards
  6 worker ants
  2 hound zombies
  A hound skeleton (D:8)
  12 adders
  3 gnolls (D:2)
  2 river rats (D:5)
  A shadow imp (D:9)
  3 white imps
  An ufetubus (D:7)
  3 oozes
  9 worms
  5 dart slugs
  3 leopard geckos
  48 orcs
  4 ball pythons
  12 bats
  2 giant cockroaches
  6 goblins
  8 hobgoblins
  6 jackals
  26 kobolds
  5 quokkas
  9 frilled lizards
  A leopard gecko skeleton (D:4)
  A quokka skeleton (D:5)
  9 rats
405 creatures vanquished.

Vanquished Creatures (others)
  An ogre (Orc:1)
  An orc wizard (Orc:1)
  An orc (Orc:1)
  15 fungi
  63 plants
81 creatures vanquished.

Grand Total: 486 creatures vanquished

Notes
Turn   | Place    | Note
-------+----------+-------------------------------------------
     0 | D:1      | theEndsummarily the Draconian Transmuter began the quest
                  | for the Orb.
     0 | D:1      | Reached XP level 1. HP: 16/16 MP: 3/3
   248 | D:1      | Reached XP level 2. HP: 23/23 MP: 5/5
  1038 | D:2      | Reached XP level 3. HP: 29/29 MP: 6/6
  1201 | D:2      | Learned a level 2 spell: Wereblood
  1363 | D:2      | Found a glowing golden altar of the Shining One.
  1376 | D:2      | Reached skill level 1 in Stealth
  1376 | D:2      | Reached XP level 4. HP: 30/36 MP: 5/7
  1463 | D:2      | Noticed a sky beast
  1496 | D:2      | Killed a sky beast
  1497 | D:2      | Reached XP level 5. HP: 16/42 MP: 7/9
  1953 | D:2      | Found a sparkling altar of Nemelex Xobeh.
  2873 | D:3      | Reached skill level 3 in Spellcasting
  3054 | D:3      | Reached XP level 6. HP: 50/50 MP: 10/10
  3434 | D:4      | Found a shadowy altar of Dithmenos.
  3472 | D:4      | Became a worshipper of Dithmenos the Shadowed
  3951 | D:4      | Got an ancient dagger
  3952 | D:4      | Identified the +9 dagger "Lamac" {vorpal, Will- Str+3
                  | Dex+4} (You found it on level 4 of the Dungeon)
  4031 | D:4      | Found a white marble altar of Elyvilon.
  4739 | D:5      | Entered Level 5 of the Dungeon
  4773 | D:5      | Noticed Edmund
  4783 | D:5      | Killed Edmund
  4962 | D:5      | Your scales start taking on a rich purple colour.
  4962 | D:5      | Reached skill level 4 in Spellcasting
  4962 | D:5      | Reached XP level 7. HP: 57/57 MP: 13/13
  5206 | D:5      | Found a glowing drain.
  5211 | Sewer    | Entered a sewer
  5280 | Sewer    | Reached * piety under Dithmenos
  5363 | Sewer    | Reached skill level 1 in Hexes
  5959 | D:5      | Got an iridescent falchion
  6293 | D:5      | Noticed Grinder
  6300 | D:5      | Killed Grinder
  6301 | D:5      | Reached XP level 8. HP: 58/66 MP: 12/15
  6807 | D:6      | Reached ** piety under Dithmenos
  6815 | D:6      | Reached skill level 5 in Unarmed Combat
  6865 | D:6      | Reached skill level 5 in Spellcasting
  6958 | D:6      | Found a staircase to the Ecumenical Temple.
  6970 | Temple   | Entered the Ecumenical Temple
  7276 | D:6      | Found a bloodstained altar of Trog.
  7329 | D:6      | Learned a level 1 spell: Corona
  7894 | D:7      | Killed an unseen horror
  7895 | D:7      | Reached skill level 5 in Fighting
  7895 | D:7      | Reached skill level 5 in Transmutations
  7895 | D:7      | Reached XP level 9. HP: 31/74 MP: 17/17
  8419 | D:7      | Reached skill level 6 in Spellcasting
  8502 | D:8      | Found a hide-covered altar of Uskayaw.
  8505 | D:8      | Found a stormy altar of Qazlal.
  8508 | D:8      | Found a radiant altar of Vehumet.
  8522 | D:8      | Found an ornate altar of the Wu Jian Council.
  8583 | D:8      | Noticed Psyche
  8589 | D:8      | Killed Psyche
  8590 | D:8      | Reached skill level 5 in Dodging
  8653 | D:8      | Found Oxorch's Armour Shop.
  8740 | D:8      | Reached skill level 5 in Stealth
  8856 | D:8      | Found a blossoming altar of Fedhas.
  8879 | D:8      | Got a slimy battleaxe
  9327 | D:8      | Learned a level 5 spell: Blade Hands
  9413 | D:9      | Found a staircase to the Orcish Mines.
  9717 | D:9      | Found Biemookke's General Store.
  9842 | D:9      | Found a staircase to the Lair.
 10127 | D:9      | Reached XP level 10. HP: 79/83 MP: 18/20
 10661 | D:10     | Entered Level 10 of the Dungeon
 10688 | D:10     | Reached skill level 7 in Spellcasting
 10702 | D:10     | Reached *** piety under Dithmenos
 10934 | D:9      | Identified the cursed +1 falchion of the Big Fish {pain,
                  | *Drain Will+ Stlth+} (You found it on level 5 of the
                  | Dungeon)
 11972 | D:10     | Got a shimmering hand axe
 12042 | D:10     | Found a runed translucent gate.
 12042 | D:10     | Found a runed translucent gate.
 12042 | D:10     | Found a runed translucent gate.
 12043 | D:10     | Noticed Gadfly's ghost (novice DsMo)
 12054 | D:10     | Reached skill level 1 in Evocations
 12226 | D:10     | Noticed an ice dragon
 12227 | D:10     | Noticed a fire dragon
 12243 | D:10     | Found a runed translucent door.
 12243 | D:10     | Found a runed translucent door.
 12243 | D:10     | Noticed a fire dragon
 12243 | D:10     | Noticed an ice dragon
 12244 | D:10     | Found the +2 shield of Resistance {rF++ rC++ Will++}
 12295 | D:11     | Noticed Josephine
 12307 | D:10     | Killed Josephine
 12308 | D:10     | Reached XP level 11. HP: 78/92 MP: 12/22
 12478 | D:11     | Reached skill level 8 in Spellcasting
 12687 | D:11     | Noticed Fannar
 12687 | D:11     | Noticed Erica
 12697 | D:10     | Killed Erica
 13002 | D:10     | Learned a level 4 spell: Ice Form
 13006 | D:10     | Learned a level 3 spell: Dazzling Flash
 13046 | Lair:1   | Entered Level 1 of the Lair of Beasts
 13053 | Lair:1   | Reached **** piety under Dithmenos
 15788 | Lair:3   | Reached XP level 12. HP: 103/103 MP: 20/24
 15811 | Lair:3   | Reached skill level 9 in Spellcasting
 15918 | Lair:3   | Noticed a death yak
 15918 | Lair:3   | Noticed a death yak
 15938 | Lair:3   | Killed a death yak
 15938 | Lair:3   | Noticed a death yak
 15939 | Lair:3   | Noticed a death yak
 15952 | Lair:3   | Noticed a death yak
 16159 | Lair:3   | Noticed a four-headed hydra
 16171 | Lair:3   | Killed a four-headed hydra
 16467 | Lair:3   | Killed a death yak
 16468 | Lair:3   | Reached skill level 5 in Evocations
 16541 | Lair:2   | Killed a death yak
 17198 | Lair:3   | Found a staircase to the Swamp.
 17639 | Lair:3   | Killed a death yak
 17647 | Lair:3   | Killed a death yak
 18177 | Lair:4   | Identified a scroll of acquirement
 18178 | Lair:4   | Acquired a +0 hat of see invisible
 18410 | Lair:4   | Found a staircase to the Snake Pit.
 18900 | Lair:4   | Noticed a four-headed hydra
 19552 | Lair:5   | Noticed an eight-headed hydra
 19681 | Orc:1    | Entered Level 1 of the Orcish Mines
 19783 | Orc:1    | Reached ***** piety under Dithmenos
 20138 | Orc:1    | Noticed an orc warlord
 20524 | Orc:1    | Reached XP level 13. HP: 87/110 MP: 17/26
 21137 | Orc:2    | Entered Level 2 of the Orcish Mines
 21137 | Orc:2    | Found a gate leading to a gauntlet.
 21144 | Gauntlet | Entered a Gauntlet
 21144 | Gauntlet | Found a transporter.
 21144 | Gauntlet | Found a transporter.
 21150 | Gauntlet | Found a transporter.
 21151 | Gauntlet | Found a transporter.
 21152 | Gauntlet | Found a transporter.
 21153 | Gauntlet | Found a transporter.
 21159 | Gauntlet | Found a runed translucent gate.
 21159 | Gauntlet | Found a runed translucent gate.
 21159 | Gauntlet | Found a runed translucent gate.
 21161 | Gauntlet | Found a transporter.
 21162 | Gauntlet | Found a transporter.
 21164 | Gauntlet | Found a transporter.
 21164 | Gauntlet | Found a transporter.
 21172 | Gauntlet | Found a transporter.
 21172 | Gauntlet | Found a transporter.
 21245 | Gauntlet | Reached skill level 10 in Spellcasting
 21621 | Gauntlet | Mangled by a tyrant leech

Illustrated notes

Levels and vault maps discovered:
D:1:      lemuel_arrival_muddy, layout_basic
D:2:      layout_basic, overflow_temple_1_default, lemuel_round_altar,
          chequers_serial_rivers_micro_b
D:3:      layout_loops_ring
D:4:      layout_loops_ring, elyvilon_altar_5, nicolae_overflow_crystal_walls,
          serial_bayou, serial_bayou_crossing, serial_bayou_lake_a,
          serial_bayou_shore_b, serial_bayou_pond_d
D:5:      layout_basic, serial_corexii_hall, chequers_hall_statues_wall_a,
          corexii_hall_statues_u, lightli_sewer_entry_pipes, uniq_edmund,
          uniq_grinder
D:6:      layout_cave_pools, minmay_temple_entry_overgrown, trog_book
D:7:      layout_loops_ring
D:8:      layout_gridville, kennysheep_little_box,
          grunt_temple_overflow_cloverleaf, serial_shops, kennysheep_mini_moat,
          uniq_psyche
D:9:      layout_long_grid, dpeg_oklobed_lair, david_orc_3, serial_shops,
          nicolae_shop_waterfront
D:10:     layout_rooms, gammafunk_ghost_nasty_kobolds,
          minmay_guarded_unrand_resistance
D:11:     layout_cave_pools, kennysheep_boxes, uniq_grum, uniq_josephine,
          uniq_fannar, uniq_erica
Temple:   dshaligram_water_room_temple
Lair:1:   layout_gridlike
Lair:2:   layout_hall_layers, grunt_megastairs_4
Lair:3:   layout_regular_city, skrybe_swamp_entry_bodies
Lair:4:   layout_hall_layers, minmay_snake_entry_six_corridors,
          grunt_forest_large_clearing_hut
Lair:5:   layout_regular_city, beast_lair_carwin_8
Orc:1:    layout_caves, uniq_snorg
Orc:2:    st_orc_town, layout_caves, gauntlet_entry_generic,
          gammafunk_ghost_abyssal_escape, uniq_jorgrun
Gauntlet: minmay_gauntlet_mixed_big_or_small [gammafunk_gauntlet_arena_split_x,
          minmay_gauntlet_arena_77_tiled_triplets,
          gammafunk_gauntlet_arena_chambers,
          minmay_gauntlet_arena_77_run_for_it,
          nicolae_gauntlet_arena_flowing_pool, minmay_gauntlet_arena_77_braids,
          gauntlet_exit_green]

Skill      XL: |  1  2  3  4  5  6  7  8  9 10 11 12 13 |
---------------+----------------------------------------+-----
Dodging        | 2 3 4 5 6 7 8 |  8.4
Fighting       | 2 3 4 5 6 7 8 9 |  9.6
Stealth        | 1 2 3 4 5 6 7 8 |  8.7
Transmutations | 3 4 5 6 7 8 9 |  9.2
Spellcasting   | 3 4 5 6 7 8 9 10 | 10.0
Unarmed Combat | 4 5 6 7 8 9 |  9.5
Hexes          | 2 |  2.9
Evocations     | 1 4 6 |  6.3

Action                   |  1- 3 |  4- 6 |  7- 9 | 10-12 | 13-15 || total
-------------------------+-------+-------+-------+-------+-------++-------
Melee: Unarmed           |   137 |   232 |       |   375 |    54 ||   798
       Tailslap          |    11 |    22 |    52 |    61 |     7 ||   153
       Headbutt          |     3 |     9 |    39 |    26 |       ||    77
       Kick              |     1 |    19 |    55 |    50 |       ||   125
       Dagger            |       |    37 |   351 |   276 |       ||   664
       Punch             |       |     2 |     4 |    20 |     2 ||    28
Throw: Dart              |       |       |    10 |     2 |     5 ||    17
 Cast: Beastly Appendage |     2 |    11 |    34 |    22 |       ||    69
       Corona            |       |       |     2 |       |       ||     2
       Blade Hands       |       |       |       |    34 |     6 ||    40
       Wereblood         |       |       |       |     3 |     2 ||     5
       Ice Form          |       |       |       |    14 |       ||    14
       Dazzling Flash    |       |       |       |     1 |       ||     1
Invok: Shadow Step       |       |       |     1 |     2 |       ||     3
 Abil: Breathe Dispellin |       |       |    13 |     6 |       ||    19
       End Transformatio |       |       |       |     1 |       ||     1
Evoke: Wand              |       |       |     1 |     2 |       ||     3
  Use: Scroll            |       |     1 |     5 |     5 |       ||    11
       Potion            |       |       |     2 |     4 |     1 ||     7
 Stab: Sleeping          |     1 |     6 |    11 |    22 |       ||    40
       Distracted        |       |       |       |     3 |       ||     3
Armor: Skin              |    68 |   119 |   125 |   147 |     6 ||   465
Dodge: Dodged            |    97 |   191 |   292 |   582 |    22 ||  1184
